 Dungeon Sprint DCSS version 0.30-a0-591-g3c58d2bc28 (webtiles) character file.

Game seed: 917085447460249808

6147 Darkkill the Peltast (level 10, 0/104 (106) HPs)
             Began as a Minotaur Fighter on Jan 5, 2023.
             Was an Initiate of Gozag.
             Slain by a molten gargoyle
             ... wielding a +0 mace
              (19 damage)
             ... in the Dungeon (Sprint VII: "The Pits").
             The game lasted 00:05:28 (1323 turns).

Darkkill the Peltast (Minotaur Fighter)             Turns: 1323, Time: 00:05:28

HP:   0/104 (106)   AC: 25    Str: 24    XL:     10   Next: 59%
MP:   9/9           EV: 11    Int:  5    God:    Gozag
Gold: 1291          SH:  0    Dex: 11    Spells: 9/9 levels left

rFire   . . .      SeeInvis .    s - +4 quarterstaff (speed)
rCold   + . .      Faith    .    (shield currently unavailable)
rNeg    + . .      Spirit   .    n - +2 plate armour
rPois   .          Reflect  .    (helmet restricted)
rElec   .          Harm     +    t - +0 cloak of the Flute {Harm rC+ rN+ Will-}
rCorr   .          Rampage  .    r - +0 pair of gloves
Will    .....      NoTele   +    (no boots) Stlth
                                 (no amulet)
HPRegen 0.37/turn                p - +3 ring of protection
MPRegen 0.11/turn                b - +3 ring of evasion

@: lightly drained
A: horns 2, retaliatory headbutt
a: Renounce Religion, Potion Petition, Call Merchant, Bribe Branch


You were in the Dungeon.
You worshipped Gozag.
Gozag was most pleased with you.
You visited 1 branch You collected 4608 gold pieces.
You spent 1175 gold pieces at shops.
You paid 2142 gold pieces to Gozag.

Inventory:

Hand Weapons
 s - a +4 quarterstaff of speed (weapon)
Missiles
 c - 5 stones (quivered)
Armour
 n - a +2 plate armour (worn)
 r - a +0 pair of gloves (worn)
 t - the +0 cloak of the Flute (worn) {Harm rC+ rN+ Will-}
   (You bought it in a shop in the Dungeon)

   rC:        It protects you from cold.
   rN:        It protects you from negative energy.
   Harm:      It increases damage dealt and taken.
   Will:      It decreases your willpower.
Jewellery
 b - a +3 ring of evasion (right hand)
 p - a +3 ring of protection (left hand)
Scrolls
 l - 5 scrolls of amnesia
 m - a scroll of butterflies
Potions
 a - 2 potions of invisibility
 d - a potion of might
 e - 3 potions of curing {@q1}
 g - 2 potions of haste
 h - 4 potions of magic
 i - 3 potions of berserk rage
 o - a potion of brilliance
 q - a potion of resistance


   Skills:
 + Level 15.6 Fighting
 + Level 15.4 Long Blades
 + Level 15.6 Armour
 + Level 15.6 Shields


You had 9 spell levels left.
You didn't know any spells.
Your spell library was empty.

Dungeon Overview and Level Annotations

Branches:
Dungeon (1/1)

Altars:
Ashenzari
Cheibriados
Dithmenos
Elyvilon
Fedhas
Gozag
Hepliaklqana
Kikubaaqudgha
Makhleb
Nemelex Xobeh
Okawaru
Qazlal
Ru
Sif Muna
Trog
Uskayaw
Vehumet
Wu Jian
Xom
Yredelemnul
Zin
The Shining One
Jiyva
Lugonu

Shops:
D [*[


Innate Abilities, Weirdness & Mutations

You have a pair of horns on your head.
You reflexively headbutt those who attack you in melee.


Message History

Something hits you but does no damage. The redback closely misses you.
The redback bites you!
You hit the redback.
The redback is almost dead.
Something hits you but does no damage. The redback misses you.
You miss the redback.
The redback is severely wounded.
The redback barely misses you. You furiously retaliate!
You headbutt the redback!
You kill the redback!
You barely miss the worm.
You headbutt the worm, but do no damage.
The molten gargoyle is distracted by your dazzling golden aura.
You barely miss the worm. The worm closely misses you.
You thump the worm! You headbutt the worm.
The worm is severely wounded.
You bludgeon the worm!!
You kill the worm!
You barely miss the wight.
You headbutt the wight, but do no damage.
Something hits you but does no damage.
You hit something. You hit the wight but do no damage.
The molten gargoyle is no longer distracted by gold.
Something completely misses you. The wight hits you but does no damage.
Something hits you but does no damage.
You sock the wight!
The wight is severely damaged.
Something hits you but does no damage. The wight hits you but does no damage.
You thump the wight!
You destroy the wight!
Something hits you. Something hits you but does no damage.
Things that are here:
63 gold pieces; a +0 falchion; a +0 robe You bludgeon the wight!!
You destroy the wight!
Something hits you but does no damage. The wight hits you but does no damage.
You hit something but do no damage. Something hits you but does no damage.
The molten gargoyle blasts magma at you!
The bolt of magma hits you!!!
The bolt of magma hits something!!
Reactivating autopickup.
You feel a bit more experienced.
The wight is distracted by your dazzling golden aura.
You closely miss the molten gargoyle.
You headbutt the molten gargoyle, but do no damage.
The wight is no longer distracted by gold.
The wight hits you with a +0 falchion!
The molten gargoyle is distracted by your dazzling golden aura.
You thump the molten gargoyle!
The molten gargoyle is no longer distracted by gold.
The molten gargoyle is severely damaged.
The wight hits you with a +0 falchion. You partially resist.
You feel drained.
The molten gargoyle hits you with a +0 mace!
* * * LOW HITPOINT WARNING * * *
You are engulfed in flames!
* * * LOW HITPOINT WARNING * * *
You feel much better. The wight hits you but does no damage.
The molten gargoyle hits you with a +0 mace.
You are engulfed in flames!
* * * LOW HITPOINT WARNING * * *
You feel much better. The wight hits you but does no damage.
The molten gargoyle hits you but does no damage.
You barely miss the wight.
Blink to where?
Press: ? - help, Q - select action, (/) - cycle Dir - move target
As you read the scroll of blinking, it crumbles to dust.
The wight is distracted by your dazzling golden aura.
You open the door.
There is an open door here.
The molten gargoyle is distracted by your dazzling golden aura.
The molten gargoyle is no longer distracted by gold.
There is an open door here.
Throw: 7 stones
Press: ? - help, Q - select action, (/) - cycle Shift-Dir - straight line, f - molten gargoyle
Aim: a molten gargoyle, wielding a +0 mace (heavily damaged, 74% to hit)
You throw a stone.
The stone hits the molten gargoyle but does no damage.
The molten gargoyle is heavily damaged.
Throw: 6 stones
Press: ? - help, Q - select action, (/) - cycle Shift-Dir - straight line, f/p - molten gargoyle
Aim: a molten gargoyle, wielding a +0 mace (heavily damaged, 74% to hit)
You throw a stone.
The stone hits the molten gargoyle but does no damage.
The molten gargoyle is heavily damaged.
The molten gargoyle blasts magma at you!
The bolt of magma hits you!
Unknown command.
There is an open door here.
The molten gargoyle hits you with a +0 mace.
You are engulfed in flames!
* * * LOW HITPOINT WARNING * * *
You feel better.
The molten gargoyle blasts magma at you!
The bolt of magma hits you!!
* * * LOW HITPOINT WARNING * * *
You feel better.
The molten gargoyle hits you with a +0 mace!
You die...
Your body crumbles into a pile of gold.

#'#####''######
.....##''################ ###
.....##..#..............###..#
.....##..##.∩...)..[).)[)#..# .
.<...##..####...#)######...# ..
.....##..#..#####.##...##'## .#.
.....##..#....##...#...#...# ....
.....##..'.....#...#...#...#.....
#######..'.....'@9.'.[.z.$$$.....
#######..'.....#...#...#..z#.....
#..[[##..#....##...#...#...# ....
#.!.[##..#..#####.##...##+## .#.
'..))##..####...#'######...# ..
#..))##..##......).......#..# .
#..))##..#∩.............###..#
######################### ###


You could see a molten gargoyle and a wight (wandering).

Vanquished Creatures
  A merfolk avatar (D)
  An orc sorcerer (D)
  A deep elf pyromancer (D)
  A manticore (D)
  A molten gargoyle (D)
  An efreet (D)
  A red devil (D)
  A tarantella (D)
  A jumping spider (D)
  2 wyverns (D)
  A basilisk (D)
  6 yaks (D)
  3 redbacks (D)
  An acid dragon (D)
  A warg (D)
  A water moccasin (D)
  A floating eye (D)
  An ice beast (D)
  An ogre (D)
  6 wolves (D)
  A centaur (D)
  A necrophage (D)
  2 wights (D)
  A jelly (D)
  A quasit (D)
  An iguana (D)
  An orc wizard (D)
  Terence (D)
  An adder (D)
  2 gnolls (D)
  A river rat (D)
  An ufetubus (D)
  A worm (D)
  4 orcs (D)
  2 bat zombies (D)
  An endoplasm (D)
  2 giant cockroaches (D)
  3 jackals (D)
  3 quokkas (D)
  A ball python zombie (D)
  A frilled lizard (D)
  A goblin (D)
66 creatures vanquished.

Vanquished Creatures (others)
  An unseen horror (D)
  A small abomination (D)
  A ball python zombie (D)
3 creatures vanquished.

Grand Total: 69 creatures vanquished

Notes
Turn   | Place    | Note
-------+----------+-------------------------------------------
     0 | D        | Darkkill the Minotaur Fighter began the quest for the Orb.
     0 | D        | Reached XP level 1. HP: 19/19 MP: 0/0
    27 | D        | Found a bloodstained altar of Trog.
    27 | D        | Found a shimmering blue altar of Sif Muna.
    27 | D        | Found a viscous altar of Jiyva.
    27 | D        | Found a hazy altar of Hepliaklqana.
    27 | D        | Found an opulent altar of Gozag.
    28 | D        | Found a glowing golden altar of the Shining One.
    28 | D        | Found a glowing silver altar of Zin.
    28 | D        | Found a basalt altar of Yredelemnul.
    28 | D        | Found a shimmering altar of Xom.
    28 | D        | Found an ornate altar of the Wu Jian Council.
    28 | D        | Found a sacrificial altar of Ru.
    28 | D        | Found a stormy altar of Qazlal.
    28 | D        | Found an iron altar of Okawaru.
    28 | D        | Found a sparkling altar of Nemelex Xobeh.
    28 | D        | Found a burning altar of Makhleb.
    28 | D        | Found a blossoming altar of Fedhas.
    28 | D        | Found a white marble altar of Elyvilon.
    28 | D        | Found a shadowy altar of Dithmenos.
    28 | D        | Found a snail-covered altar of Cheibriados.
    30 | D        | Found a radiant altar of Vehumet.
    30 | D        | Found a corrupted altar of Lugonu.
    31 | D        | Found a hide-covered altar of Uskayaw.
    31 | D        | Found an ancient bone altar of Kikubaaqudgha.
    31 | D        | Found a broken altar of Ashenzari.
    35 | D        | Became a worshipper of Gozag Ym Sagoz the Greedy
   100 | D        | Reached XP level 2. HP: 28/28 MP: 1/1
   112 | D        | Reached skill level 5 in Fighting
   112 | D        | Reached skill level 5 in Armour
   112 | D        | Reached skill level 5 in Shields
   116 | D        | Reached skill level 5 in Long Blades
   116 | D        | Reached XP level 3. HP: 37/37 MP: 2/2
   186 | D        | Noticed a necrophage
   196 | D        | Killed a necrophage
   197 | D        | Reached XP level 4. HP: 45/45 MP: 3/3
   199 | D        | Reached XP level 5. HP: 49/52 MP: 4/4
   207 | D        | Noticed a warg
   217 | D        | Killed a warg
   239 | D        | Reached XP level 6. HP: 53/62 MP: 5/5
   254 | D        | Noticed a redback
   267 | D        | Killed a redback
   271 | D        | Noticed Terence
   271 | D        | Noticed a floating eye
   272 | D        | Killed a floating eye
   279 | D        | Killed Terence
   280 | D        | Reached XP level 7. HP: 49/71 MP: 6/6
   302 | D        | Bought a steaming ring mail for 279 gold pieces
   302 | D        | Identified the +0 ring mail "Watir" {rC+++ Will+ Str-2
                  | Int+2} (You bought it in a shop in the Dungeon)
   353 | D        | Noticed a molten gargoyle
   365 | D        | HP: 20/106 [molten gargoyle/bolt of magma (19)]
   367 | D        | HP: 3/106 [molten gargoyle/+0 flail (13)]
   368 | D        | Killed a molten gargoyle
   369 | D        | Reached skill level 10 in Fighting
   369 | D        | Reached skill level 10 in Long Blades
   369 | D        | Reached skill level 10 in Armour
   369 | D        | Reached skill level 10 in Shields
   611 | D        | Noticed a basilisk
   622 | D        | Reached XP level 8. HP: 82/82 MP: 7/7
   670 | D        | Noticed an efreet
   699 | D        | Killed an efreet
   725 | D        | Bought a jewelled scale mail for 288 gold pieces
   725 | D        | Identified the +4 scale mail "Wotinaeh" {Dex+4} (You bought
                  | it in a shop in the Dungeon)
   901 | D        | Noticed a tarantella
   901 | D        | Noticed a manticore
   908 | D        | Killed a tarantella
   909 | D        | Reached XP level 9. HP: 92/92 MP: 8/8
   915 | D        | Killed a manticore
   941 | D        | Bought a glowing battleaxe for 304 gold pieces
   941 | D        | Bought a shimmering cloak for 304 gold pieces
   941 | D        | Identified the +0 cloak of the Flute {Harm rC+ rN+ Will-}
                  | (You bought it in a shop in the Dungeon)
   996 | D        | Noticed a red devil
  1029 | D        | Killed a red devil
  1030 | D        | Reached XP level 10. HP: 70/104 MP: 9/9
  1057 | D        | Noticed a deep elf pyromancer
  1062 | D        | Killed a deep elf pyromancer
  1066 | D        | Noticed an orc sorcerer
  1077 | D        | Killed an orc sorcerer
  1078 | D        | Reached skill level 15 in Fighting
  1078 | D        | Reached skill level 15 in Armour
  1078 | D        | Reached skill level 15 in Shields
  1247 | D        | Noticed a merfolk avatar
  1266 | D        | Killed a merfolk avatar
  1267 | D        | Reached skill level 15 in Long Blades
  1282 | D        | Noticed a molten gargoyle
  1306 | D        | HP: 17/104 [molten gargoyle/+0 mace (9)]
  1322 | D        | HP: 13/104 [molten gargoyle/bolt of magma (24)]
  1323 | D        | Slain by a molten gargoyle

Illustrated notes

Levels and vault maps discovered:
D:        pitsprint [storerooms_1, entrance_room_1, metal_vault_1, armoury_2,
          mini_pit_1, grid_room_1, main_hall_1, silver_pit, the_coven_3,
          the_vestibule_1, steel_vault_1, golden_pit, hallway_of_sentries,
          crystal_vault_4, iron_vault_5, final_vault]

Skill      XL: |  1  2  3  4  5  6  7  8  9 10 |
---------------+-------------------------------+-----
Fighting       | 4 5 6 7 8 9 11 12 14 15 | 15.6
Long Blades    | 3 5 6 7 9 10 12 14 15 | 15.4
Armour         | 4 5 6 7 8 9 11 12 14 15 | 15.6
Shields        | 4 5 6 7 8 9 11 12 14 15 | 15.6

Action                   |  1- 3 |  4- 6 |  7- 9 | 10-12 || total
-------------------------+-------+-------+-------+-------++-------
Melee: Long sword        |    10 |       |       |       ||    10
       Quarterstaff      |    22 |    29 |   121 |    61 ||   233
       Headbutt          |     5 |     4 |    20 |    16 ||    45
Throw: Stone             |       |       |     3 |     2 ||     5
Invok: Call Merchant     |       |     1 |     1 |     1 ||     3
  Use: Potion            |       |     6 |     4 |     5 ||    15
       Scroll            |       |       |       |     1 ||     1
Armor: Scale mail        |    17 |       |       |       ||    17
       Plate armour      |     3 |    20 |    84 |    43 ||   150
Dodge: Dodged            |    22 |     9 |    55 |    21 ||   107
Block: Buckler           |     4 |       |       |       ||     4

Table legend: (Time is in decaauts)
 A = Elapsed time spent in this place.
 B = Non-inter-level travel time spent in this place.
 C = Inter-level travel time spent in this place.
 D = Time resting spent in this place.
 E = Time spent auto-exploring this place.
 F = Levels seen in this place.
 G = Mean time per level.
                   A        B        C        D        E       F      G
               +--------+--------+--------+--------+--------+-----+--------+
         Total |   1324 |   1253 |     71 |    459 |      0 |   1 | 1324.0 |
       Dungeon |   1324 |   1253 |     71 |    459 |      0 |   1 | 1324.0 |
               +--------+--------+--------+--------+--------+-----+--------+

Top non-repeatable levels by time:
       D: 1324 daAuts

Table legend:
 A = Kills in this place as a percentage of kills in entire the game.
 B = Kills by you in this place as a percentage of kills by you in the entire game.
 C = Kills by friends in this place as a percentage of kills by friends in the entire game.
 D = Other kills in this place as a percentage of other kills in the entire game.
 E = Experience gained in this place as a percentage of experience gained in the entire game.
 F = Experience gained in this place divided by the number of levels of this place that you have seen.
                   A       B       C       D       E      F
               +-------+-------+-------+-------+-------+----------------------
         Total | 100.0 | 100.0 |   N/A | 100.0 | 100.0 | 8782.0
       Dungeon | 100.0 | 100.0 |   N/A | 100.0 | 100.0 | 8782.0
               +-------+-------+-------+-------+-------+----------------------
